 Dungeon Crawl Stone Soup version 0.30-a0-760-g5a9884bb7c (webtiles) character file.

Game seed: 7923284673564886619

53 funkygono the Firebug (level 3, 0/19 HPs)
             Began as a Gargoyle Fire Elementalist on Feb 11, 2023.
             Slain by a hound (3 damage)
             ... on level 4 of the Dungeon.
             The game lasted 00:02:12 (1263 turns).

funkygono the Firebug (Gargoyle Fire Elementalist)  Turns: 1263, Time: 00:02:13

Health: 0/19       AC:  7    Str: 11    XL:     3   Next: 87%
Magic:  0/7        EV: 12    Int: 17    God:
Gold:   50         SH:  0    Dex: 10    Spells: 1/7 levels left

rFire   . . .      SeeInvis .    g - +0 club
rCold   . . .      Faith    .    (no shield)
rNeg    + . .      Spirit   .    a - +0 robe
rPois   ∞          Reflect  .    i - +0 helmet
rElec   +          Harm     .    (no cloak)
rCorr   .          Rampage  .    (no gloves)
Will    .....                    h - +0 pair of boots
Stlth   ++                       (no amulet)
HPRegen 0.23/turn                (no ring)
MPRegen 0.10/turn                (no ring)

@: very slightly contaminated
A: sickness immunity, AC +3, negative energy resistance 1, electricity
resistance, torment resistance 1, petrification resistance
a: no special abilities


You were on level 4 of the Dungeon.
You visited 1 branch of the dungeon, and saw 3 of its levels.

You collected 50 gold pieces.

Inventory:

Hand Weapons
 c - a +0 short sword
 g - a +0 club (weapon)
Armour
 a - a +0 robe (worn)
 h - a +0 pair of boots (worn)
 i - a +0 helmet (worn)
Scrolls
 f - a scroll of identify {unknown}
 j - a scroll of enchant armour {unknown}
 l - a scroll of enchant weapon {unknown}
Potions
 d - a potion of curing {unknown}
 e - a potion of lignification {unknown}
 k - a potion of heal wounds {unknown}
 m - a potion of degeneration {unknown}


   Skills:
 + Level 0.1 Fighting
 + Level 1.7 Dodging
 - Level 2.1 Stealth
 + Level 2.8 Spellcasting
 + Level 1.8 Conjurations
 + Level 3.6 Fire Magic


You had one spell level left.
You knew the following spells:

 Your Spells              Type           Power      Damage    Failure   Level
a - Foxfire               Conj/Fire      44%        2x1d6     6%          1
b - Scorch                Fire           28%        2d6       6%          2
c - Kindle Blastsparks    Fire/Tloc/Air  12%        2d11      32%         3

Your spell library contained the following spells:

 Spells                   Type           Power      Damage    Failure   Level
 Inner Flame              Hex/Fire       8%         N/A       26%         3
 Flame Wave               Conj/Fire      11%        2d6       50%         4


Dungeon Overview and Level Annotations

Branches:
Dungeon (2/15)

Altars:


Innate Abilities, Weirdness & Mutations

You are immune to sickness and miasma.
Your stone body is resilient. (AC +3)
You are immune to poison.
You resist negative energy. (rN+)
You are resistant to electric shocks. (rElec)
You are resistant to unholy torment.
You are immune to petrification.


Message History

The hound barely misses you.
Casting: Foxfire (safe; 6% risk of failure)
Confirm with . or Enter, or press ? or * to list all spells.
You conjure some foxfire!
The foxfire hits the gnoll.
The gnoll is burned terribly!
You kill the gnoll!
The foxfire hits the hound.
The hound is heavily wounded.
The foxfire hits the gnoll.
The gnoll is heavily wounded.
The hound bites you but does no damage. The gnoll hits you with a +0 whip.
Casting: Foxfire (safe; 6% risk of failure)
Confirm with . or Enter, or press ? or * to list all spells.
You conjure some foxfire!
The foxfire hits the gnoll.
The gnoll is severely wounded.
The foxfire hits the hound.
The hound is almost dead.
The hound misses you. The gnoll completely misses you.
The hound barely misses you.
Casting: Foxfire (safe; 6% risk of failure)
Confirm with . or Enter, or press ? or * to list all spells.
You don't have enough magic to cast this spell.
Casting: Foxfire (safe; 6% risk of failure)
Confirm with . or Enter, or press ? or * to list all spells.
You don't have enough magic to cast this spell.
Casting: Foxfire (safe; 6% risk of failure)
Confirm with . or Enter, or press ? or * to list all spells.
You don't have enough magic to cast this spell.
Unknown command.
Unknown command.
You miss the hound.
The hound is almost dead.
The foxfire hits the hound.
The hound is almost dead.
The foxfire hits the gnoll.
The gnoll is severely wounded.
The hound barely misses you. The gnoll hits you with a +0 whip.
* * * LOW HITPOINT WARNING * * *
The hound bites you.
You die...

####################
#..........)........
#..........h@§......
#..........g.§......
#...................
#...................
#######.............
#.............
#.)...........
#.)...........
#).......$.


You could see a hound and a gnoll.

Vanquished Creatures
  2 gnolls (D:4)
  A dart slug (D:1)
  2 orcs
  3 endoplasms (D:1)
  2 goblins (D:1)
  3 hobgoblins (D:1)
  4 jackals (D:1)
  3 kobolds
  A quokka (D:1)
  3 ball pythons
  2 bats (D:1)
  2 rats (D:1)
28 creatures vanquished.

Vanquished Creatures (others)
  88 foxfires
88 creatures vanquished.

Grand Total: 116 creatures vanquished

Notes
Turn   | Place    | Note
-------+----------+-------------------------------------------
     0 | D:1      | funkygono the Gargoyle Fire Elementalist began the quest
                  | for the Orb.
     0 | D:1      | Reached XP level 1. HP: 10/10 MP: 3/3
   318 | D:1      | Reached XP level 2. HP: 15/15 MP: 1/5
   321 | D:1      | Learned a level 2 spell: Scorch
   747 | D:1      | Reached XP level 3. HP: 19/19 MP: 1/6
   751 | D:1      | Learned a level 3 spell: Kindle Blastsparks
  1233 | D:2      | You fall into a shaft and drop 2 floors!
  1263 | D:4      | Slain by a hound

Illustrated notes

Levels and vault maps discovered:
D:1:      minmay_arrival_stair_chambers, layout_loops_ring,
          minmay_misc_feat_rows, fountainhead
D:2:      layout_loops_corners, basic_altar,
          shapermc_ecumenical_altar_notcrosses
D:4:      layout_gridville, hangedman_decor_points, uniq_blork_the_orc,
          uniq_natasha

Action                     || total
---------------------------++-------
  Melee: Unarmed           ||     9
         Short sword       ||     7
         Club              ||     3
   Cast: Foxfire           ||    52
         Scorch            ||     1
    Use: Potion            ||     1
 Armour: Robe              ||    21
  Dodge: Dodged            ||    45

Table legend: (Time is in decaauts)
 A = Elapsed time spent in this place.
 B = Non-inter-level travel time spent in this place.
 C = Inter-level travel time spent in this place.
 D = Time resting spent in this place.
 E = Time spent auto-exploring this place.
 F = Levels seen in this place.
 G = Mean time per level.
                   A        B        C        D        E       F      G
               +--------+--------+--------+--------+--------+-----+--------+
         Total |   1263 |   1239 |     24 |      0 |    964 |   3 |  421.0 |
       Dungeon |   1263 |   1239 |     24 |      0 |    964 |   3 |  421.0 |
               +--------+--------+--------+--------+--------+-----+--------+

Top non-repeatable levels by time:
     D:1: 1093 daAuts
     D:2: 139 daAuts
     D:4: 30 daAuts
